 Dungeon Crawl Stone Soup version 0.21.1-1-g345015fe64 (webtiles) character file.

48 Lothor the Slasher (level 3, -2/32 HPs)
             Began as a Naga Warper on Mar 21, 2018.
             Slain by a gnoll (5 damage)
             ... on level 2 of the Dungeon.
             The game lasted 00:04:04 (1175 turns).

Lothor the Slasher (Naga Warper)                    Turns: 1175, Time: 00:04:05

Health: -2/32      AC:  4    Str: 14    XL:     3   Next: 72%
Magic:  6/6        EV:  7    Int: 13    God:
Gold:   55         SH:  0    Dex: 10    Spells: 6/6 levels left

rFire    . . .     SeeInvis +   a - +0 falchion
rCold    . . .     Gourm    .   (no shield)
rNeg     . . .     Faith    .   j - +0 scale mail
rPois    +         Spirit   .   (no helmet)
rElec    .         Reflect  .   (no cloak)
rCorr    .         Harm     .   (no gloves)
MR       .....                  (no barding)
Stlth    ..........             (no amulet)
HPRegen  0.10/turn              (no ring)
MPRegen  0.10/turn              (no ring)

@: very slow
A: large, see invisible, deformed body, poison resistance, slowness 2, slow
metabolism 1, spit poison 1, AC +1
a: Spit Poison


You were on level 2 of the Dungeon.
You were hungry.

You visited 1 branch of the dungeon, and saw 2 of its levels.

You collected 55 gold pieces.

Inventory:

Hand Weapons
 a - a +0 falchion (weapon)
Missiles
 e - 5 tomahawks of dispersal (quivered)
 h - 21 arrows
 l - a stone
Armour
 b - a +0 leather armour
 j - a +0 scale mail (worn)
Scrolls
 d - 2 scrolls of blinking
 g - a scroll of random uselessness {unknown}
 k - 2 scrolls of remove curse {unknown}
 m - 2 scrolls of identify {unknown}
Potions
 i - a potion of degeneration {unknown}
Books
 c - a book of Spatial Translocations

   Spells                             Type                      Level
   a - Blink                          Translocation                2
   b - Shroud of Golubria             Charms/Translocation         2
   c - Lesser Beckoning               Translocation                3
   d - Gell's Gravitas                Translocation                3
   e - Teleport Other                 Translocation                3
   f - Passage of Golubria            Translocation                4
Comestibles
 f - 3 rations
 n - 2 chunks of flesh


   Skills:
 - Level 2.0 Fighting
 + Level 4.0 Long Blades
 - Level 0.8 Throwing
 - Level 0.7 Armour
 - Level 1.5 Dodging
 - Level 2.0 Spellcasting
   Level 3.0 Translocations


You had 6 spell levels left.
You didn't know any spells.

Dungeon Overview and Level Annotations

Branches:
Dungeon (2/15)

Altars:


Innate Abilities, Weirdness & Mutations

You cannot wear boots.
Your serpentine skin is tough. (AC +1)
You have supernaturally acute eyesight. (SInv)
Armour fits poorly on your strangely shaped body.
Your system is resistant to poisons. (rPois)
You cover ground very slowly.
You have a slow metabolism.
You can spit poison.


Message History

You hit the gnoll but do no damage. The gnoll hits you.
Press: ? - help, Shift-Dir - straight line, f/p - gnoll
Aim: a gnoll, wielding a halberd (heavily wounded)
The splash of poison hits the gnoll.
The gnoll is poisoned.
The gnoll is moderately wounded.
You feel slightly more hungry.
The gnoll hits you from afar with a halberd!
The gnoll hits you.
You are feeling hungry.
The gnoll shouts!
You hit the gnoll.
The gnoll is severely wounded.
The gnoll hits you.
The gnoll hits you from afar with a halberd!
* * * LOW HITPOINT WARNING * * *
The gnoll hits you but does no damage.
You can't do that yet.
You have got your breath back.
The gnoll hits you.
You die...

#..........
##..........
####.).........
######....##........
#.)....######.......
##.###### #.......
#...# ##.......
#...#########........
#...@g.g.g...........
#<..########.........
##### #..##.....
#..##..... #..##..##.
..###..# # #.## #..#
#. #... #...


You could see 3 gnolls.

Vanquished Creatures
  Jessica (D:2)
  3 leopard geckos (D:1)
  3 bats (D:1)
  4 goblins
  A hobgoblin (D:1)
  A frilled lizard (D:1)
  3 kobolds (D:1)
  3 rats (D:1)
19 creatures vanquished.

Notes
Turn   | Place    | Note
-------+----------+-------------------------------------------
     0 | D:1      | Lothor the Naga Warper began the quest for the Orb.
     0 | D:1      | Reached XP level 1. HP: 19/19 MP: 3/3
   217 | D:1      | Reached XP level 2. HP: 26/26 MP: 5/5
   301 | D:1      | Reached skill level 3 in Long Blades
  1065 | D:2      | Noticed Jessica
  1078 | D:2      | Killed Jessica
  1078 | D:2      | Reached XP level 3. HP: 27/32 MP: 6/6
  1141 | D:2      | Reached skill level 4 in Long Blades
  1175 | D:2      | Slain by a gnoll

Skill      XL: |  1  2  3 |
---------------+----------+-----
Long Blades    | 3 4 |  4.0
Fighting       | |  2.0
Throwing       | |  0.8
Armour         | |  0.7
Dodging        | |  1.5
Spellcasting   | |  2.0
Translocations | |  3.0

Action                   || total
-------------------------++-------
Melee: Falchion          ||    22
 Abil: Spit Poison       ||    21
  Eat: Chunk             ||     1
Armor: Scale mail        ||     7
Dodge: Dodged            ||    13
       Rpst.: Falchion   ||     6
